 Dungeon Crawl Stone Soup version 0.25.1-2-g60ff931df9 (webtiles) character file.

Game seed: 297034987290382093

24 Delamore the Cudgeler (level 3, -2/23 HPs)
             Began as a Gargoyle Fighter on Aug 12, 2020.
             Slain by Natasha (3 damage)
             ... on level 2 of the Dungeon.
             The game lasted 00:01:08 (1155 turns).

Delamore the Cudgeler (Gargoyle Fighter)            Turns: 1155, Time: 00:01:08

Health: -2/23      AC: 10    Str: 20    XL:     3   Next: 2%
Magic:  3/3        EV:  7    Int:  8    God:
Gold:   23         SH:  9    Dex:  9    Spells: 2/2 levels left

rFire    . . .     SeeInvis .   a - +0 flail
rCold    . . .     Gourm    .   c - +0 kite shield
rNeg     + . .     Faith    .   b - +0 scale mail
rPois    ∞         Spirit   .   (no helmet)
rElec    +         Reflect  .   (no cloak)
rCorr    .         Harm     .   (no gloves)
MR       .....                  (no boots)
Stlth    ..........             (no amulet)
HPRegen  0.07/turn              (no ring)
MPRegen  0.08/turn              (no ring)

@: slowed, very slow
A: negative energy resistance 1, electricity resistance, unbreathing,
petrification resistance, rot immunity, AC +3
a: no special abilities


You were on level 2 of the Dungeon.
You were very hungry.

You visited 1 branch of the dungeon, and saw 2 of its levels.

You collected 23 gold pieces.

Inventory:

Hand Weapons
 a - a +0 flail (weapon)
Armour
 b - a +0 scale mail (worn)
 c - a +0 kite shield (worn)
Scrolls
 g - a scroll of fear {unknown}
 l - a scroll of identify {unknown}
Potions
 d - a potion of might
 e - 2 potions of brilliance {unknown}
 h - a potion of resistance {unknown}
 i - a potion of curing {unknown}
 j - a potion of stabbing {unknown}
 k - a potion of mutation {unknown}
Comestibles
 f - 4 rations


   Skills:
 - Level 3.2 Fighting
 + Level 3.4 Maces & Flails
 - Level 3.2 Armour
 - Level 3.2 Shields


You had 2 spell levels left.
You didn't know any spells.
Your spell library was empty.

Dungeon Overview and Level Annotations

Branches:
Dungeon (2/15)

Altars:
The Shining One

Annotations:
D:2 Natasha


Innate Abilities, Weirdness & Mutations

You are resistant to torment.
Your stone body is resilient. (AC +3)
You are immune to poison.
You resist negative energy. (rN+)
You are resistant to electric shocks. (rElec)
You can survive without breathing.
You are immune to petrification.
You are immune to rotting.


Message History

Natasha mewls in sadness.
Natasha claws you.
The crimson imp blinks!
The crimson imp hits you but does no damage.
Natasha claws you.
* * * LOW HITPOINT WARNING * * *
You hit Natasha but do no damage.
Natasha is almost dead.
The crimson imp hits you.
* * * LOW HITPOINT WARNING * * *
You block the crimson imp's attack. You block Natasha's attack.
The crimson imp closely misses you. Natasha barely misses you.
The crimson imp hits you but does no damage.
You closely miss Natasha.
Natasha is almost dead.
The crimson imp hits you.
* * * LOW HITPOINT WARNING * * *
The crimson imp blinks!
Natasha hisses.
Natasha claws you.
You die...

.. .# ###########
.# ....5.h...###.#
#5@§.....####. ##
#.##<##....... ##.
#. #.##...# ##.. #.
#.....# ##... #.
####.#######....
#.#####..#......#..
#........'.#######.
##########......#..
######....


You could see Natasha and 2 crimson imps.

Vanquished Creatures
  A leopard gecko (D:1)
  6 bats (D:1)
  A giant cockroach (D:1)
  A goblin (D:1)
  A hobgoblin (D:1)
  3 jackals (D:1)
  A frilled lizard (D:1)
  5 kobolds
  A rat (D:1)
20 creatures vanquished.

Notes
Turn   | Place    | Note
-------+----------+-------------------------------------------
     0 | D:1      | Delamore the Gargoyle Fighter began the quest for the Orb.
     0 | D:1      | Reached XP level 1. HP: 14/14 MP: 1/1
    51 | D:1      | Reached XP level 2. HP: 7/19 MP: 2/2
  1116 | D:2      | Found a glowing golden altar of the Shining One.
  1118 | D:2      | Reached XP level 3. HP: 23/23 MP: 3/3
  1141 | D:2      | Noticed Natasha
  1155 | D:2      | HP: 1/23 [crimson imp[Natasha] (3)]
  1155 | D:2      | Slain by Natasha

Illustrated notes

Levels and vault maps discovered:
D:1:      ncdulo_lavacross, layout_basic, minmay_tromino_v4_a
D:2:      layout_loops_cross, nicolae_tso_swordbearing_angel,
          lemuel_crystal_altar, lemuel_crystal_altar, uniq_natasha

Skill      XL: |  1  2 |
---------------+-------+-----
Maces & Flails | 3 |  3.4
Fighting       | |  3.2
Armour         | |  3.2
Shields        | |  3.2

Action                   || total
-------------------------++-------
Melee: Flail             ||   115
Armor: Scale mail        ||   107
Dodge: Dodged            ||    62
Block: Kite shield       ||    98
